AoeStats
← Black_Mahler

Arena

508561597Analyzed
2v2 RM · 11d ago on Sep 23, 2026· 41m 16s· 4 players
Game mode
Random Map
Map size
Medium (4 player)
Population
200
Speed
Normal
Resources
Standard
Victory
Conquest
Starting age
Dark Age
Ending age
Imperial Age
RankedLock teamsTeams togetherTeam positionsShared explorationLock speedFull tech treeHidden civsTurbo modeCheats
Victory
Defeat
🇦🇷 Vietnamese · Argentina
1076
+16
🇨🇱 Portuguese · Chile
1024
+17
🇨🇴 Saxons · Colombia
1108
-18
🇨🇴 Cumans · Colombia
1019
-15
GxNNER_CL
10:03 Feudal Age
9:12 Loom
16:28 Castle Age
25:49 Gold Mining
31:32 Imperial Age
33:14 Chemistry
41:25 Arquebus
Roy DeMeo
10:54 Feudal Age
15:08 Castle Age
13:20 Horse Collar
13:58 Double-Bit Axe
26:18 Stone Mining
26:50 Bow Saw
27:27 Wheelbarrow
26:59 Gold Mining
27:53 Stone Shaft Mining
28:22 Hand Cart
29:05 Fletching
32:12 Imperial Age
29:45 Heavy Plow
29:32 Loom
29:39 Town Watch
30:03 Fletching
31:38 Ballistics
31:30 Bodkin Arrow
31:35 Padded Archer Armor
31:27 Treadmill Crane
31:56 Gold Mining
33:05 Bracer
33:20 Leather Archer Armor
34:10 Chemistry
34:15 Elite Rattan Archer
35:38 Murder Holes
36:15 Scale Mail Armor
36:25 Forging
36:49 Ring Archer Armor
39:01 Scale Barding Armor
39:31 Iron Casting
39:46 Siege Engineers
40:21 Chain Barding Armor
Ivar the Boneless
10:33 Feudal Age
10:55 Loom
11:16 Double-Bit Axe
12:34 Man-at-Arms
13:29 Horse Collar
13:52 Gold Mining
21:37 Castle Age
22:59 Wheelbarrow
22:35 Bow Saw
22:42 Light Cavalry
23:38 Forging
23:46 Heavy Plow
24:02 Hand Cart
28:32 Bloodlines
30:14 Scale Barding Armor
32:09 Gold Shaft Mining
34:12 Imperial Age
31:29 Town Watch
33:44 Iron Casting
33:10 Scale Mail Armor
33:16 Husbandry
34:35 Town Patrol
35:25 Fletching
35:04 Elite Skirmisher
37:39 Bodkin Arrow
39:33 Bracer
Black_Mahler
0:28 Loom
10:41 Feudal Age
12:40 Double-Bit Axe
12:58 Town Watch
24:34 Castle Age
22:57 Gold Mining
26:11 Wheelbarrow
28:19 Forging
27:43 Pikeman
29:18 Fletching
29:40 Stone Mining
30:49 Bloodlines
37:07 Imperial Age
37:27 Bow Saw
38:25 Conscription
40:52 Elite Skirmisher
Connection lost

Rejoining the realm…

Still unreachable

The connection could not be restored.

Session expired

The server has moved on; the page needs a fresh start.